 Dungeon Crawl Stone Soup version 0.27-a0-1084-g78b3836a5f (webtiles) character file.

Game seed: 4064218610581601577

382 karkarkar the Conjurer (level 6, -4/32 HPs)
             Began as a Deep Elf Conjurer on Apr 26, 2021.
             Slain by an ogre
             ... wielding a +0 giant club
              (21 damage)
             ... on level 4 of the Dungeon.
             The game lasted 00:24:43 (3882 turns).

karkarkar the Conjurer (Deep Elf Conjurer)          Turns: 3882, Time: 00:24:43

Health: -4/32      AC:  4    Str:  4    XL:     6   Next: 47%
Magic:  14/16      EV: 11    Int: 25    God:
Gold:   146        SH:  0    Dex: 13    Spells: 13/16 levels left

rFire    + . .     SeeInvis .   m - +0 dagger
rCold    + . .     Faith    .   (no shield)
rNeg     . . .     Spirit   .   b - +0 leather armour
rPois    .         Reflect  .   (no helmet)
rElec    .         Harm     .   j - scarf {rC+ rF+}
rCorr    .         Rampage  .   (no gloves)
Will     .....                  d - +0 pair of boots
Stlth    ++........             (no amulet)
HPRegen  0.10/turn              (no ring)
MPRegen  0.15/turn              (no ring)

@: no status effects
A: no striking features
a: no special abilities


You were on level 4 of the Dungeon.
You visited 1 branch of the dungeon, and saw 4 of its levels.

You collected 146 gold pieces.

Inventory:

Hand Weapons
 m - a +0 dagger (weapon)
Missiles
 f - 20 poisoned darts
 n - 2 atropa-tipped darts
Armour
 a - a +0 robe
 b - a +0 leather armour (worn)
 d - a +0 pair of boots (worn)
 j - a scarf of resistance (worn)
Jewellery
 g - an amulet of reflection
 p - a ring of resist corrosion
Scrolls
 e - a scroll of vulnerability
 i - a scroll of enchant armour {unknown}
 l - a scroll of identify {unknown}
Potions
 c - a potion of lignification {unknown}
 h - a potion of curing
 k - a potion of brilliance {unknown}
 o - a potion of attraction {unknown}
 q - a potion of might {unknown}


   Skills:
 + Level 0.1 Throwing
 + Level 1.7 Armour
 + Level 2.4 Dodging
 + Level 3.3 Stealth
 + Level 5.9 Spellcasting
 + Level 6.5 Conjurations


You had 13 spell levels left.
You knew the following spells:

 Your Spells              Type           Power      Damage    Failure   Level
a - Magic Dart            Conj           100%       1d8       1%          1
b - Searing Ray           Conj           80%        3d6       1%          2

Your spell library contained the following spells:

 Spells                   Type           Power      Damage    Failure   Level
 Dazzling Flash           Conj/Hex       46%        N/A       10%         3
 Fulminant Prism          Conj/Hex       11%        3d9       32%         4
 Iskenderun's Mystic Bla  Conj/Tloc      23%        2d6       32%         4


Dungeon Overview and Level Annotations

Branches:
Dungeon (4/15)
 Temple: D:4-7

Altars:
Okawaru

Shops:
D:1 *


Message History

A bullfrog zombie comes into view.
The magic dart hits the bullfrog zombie.
The bullfrog zombie is lightly damaged.
The searing ray hits the bullfrog zombie!
The bullfrog zombie is heavily damaged. (Press . to maintain the ray.)
The bullfrog zombie barely misses you.
The searing ray misses the bullfrog zombie.
The bullfrog zombie hits you but does no damage.
The searing ray hits the bullfrog zombie!
The bullfrog zombie is almost destroyed. (Press . to maintain the ray.)
The bullfrog zombie hits you. x2
The searing ray hits the bullfrog zombie!
You destroy the bullfrog zombie!
You start resting.
Magic restored.
Okay, then.
A worm comes into view.
The magic dart hits the worm.
The worm is moderately wounded.
The magic dart hits the worm.
The worm is moderately wounded.
The magic dart hits the worm!
The worm is severely wounded.
The magic dart hits the worm.
The worm is almost dead.
The magic dart hits the worm.
You kill the worm!
HP restored.
The ogre shouts!
An ogre is nearby!
The ogre hits you with a +0 giant club!
You see here a worm corpse.
The searing ray hits the ogre.
The ogre is moderately wounded. (Press . to maintain the ray.)
The ogre hits you with a +0 giant club!!
Ouch! That really hurt!
You die...

#.........##.###.#.#
#..#.............#.#
#...$...............
#.#######..#.#.#####.#.#.#.#
#..........#.# ............#
##(##.####.#.# ####.#...###
#.........#.# ###.#..####
###...#..##.#####......#...
#...#..O@.........##)....
#.###.#.#................ #.
#..###.####.####..... #.
#.## ##.# #.# #.#... #. #.##
#.##.# #.#### #. ## ###.#
#.# #.# #.# #.# #.# #.# #.#


You could see an ogre.

Vanquished Creatures
  A necrophage (D:3)
  A scorpion (D:3)
  A bullfrog zombie (D:4)
  An orc priest (D:3)
  3 gnolls (D:3)
  4 adders
  3 worms
  A dart slug (D:2)
  10 orcs (D:3)
  10 endoplasms
  3 giant cockroaches
  8 goblins
  4 hobgoblins
  6 jackals
  5 quokkas
  8 ball pythons
  7 bats
  4 frilled lizards
  4 kobolds
  7 rats
91 creatures vanquished.

Notes
Turn   | Place    | Note
-------+----------+-------------------------------------------
     0 | D:1      | karkarkar the Deep Elf Conjurer began the quest for the
                  | Orb.
     0 | D:1      | Reached XP level 1. HP: 10/10 MP: 6/6
   161 | D:1      | Found Fylaunui's General Store.
   171 | D:1      | Reached XP level 2. HP: 15/15 MP: 0/8
   174 | D:1      | Learned a level 2 spell: Searing Ray
   384 | D:1      | Reached skill level 5 in Conjurations
   923 | D:1      | Found a faded altar of an unknown god.
   930 | D:1      | Reached XP level 3. HP: 19/19 MP: 7/9
  2256 | D:3      | Reached skill level 1 in Armour
  2256 | D:3      | Reached XP level 4. HP: 24/24 MP: 8/12
  2647 | D:3      | Noticed a scorpion
  2651 | D:3      | Killed a scorpion
  2652 | D:3      | Reached XP level 5. HP: 28/28 MP: 8/14
  2748 | D:3      | Reached skill level 5 in Spellcasting
  2793 | D:3      | Noticed a necrophage
  2808 | D:3      | Killed a necrophage
  2809 | D:3      | Reached skill level 6 in Conjurations
  2809 | D:3      | Reached XP level 6. HP: 19/32 MP: 9/16
  3239 | D:3      | Found an iron altar of Okawaru.
  3882 | D:4      | Slain by an ogre

Illustrated notes

Levels and vault maps discovered:
D:1:      lightli_arrival_boilingwater, layout_loops_ring, serial_shops, shop,
          hellmonk_ecumenical_altar_arch_garden
D:2:      layout_loops_corners, eino_tiny_chamber, grunt_ministairs_10,
          minmay_misc_feat_roman
D:3:      minmay_skewed_foursquare, layout_basic,
          nicolae_overflow_hidden_temple, guppyfry_early_orc_mine
D:4:      layout_loops_ring, minmay_temple_entry_statues_fountains,
          kennysheep_flooded_box

Skill      XL: |  1  2  3  4  5 |
---------------+----------------+-----
Conjurations   | 5 6 |  6.5
Armour         | 1 |  1.7
Spellcasting   | 4 5 |  5.9
Stealth        | 3 |  3.3
Throwing       | |  0.1
Dodging        | |  2.4

Action                   |  1- 3 |  4- 6 || total
-------------------------+-------+-------++-------
Melee: Unarmed           |     4 |       ||     4
Throw: Dart              |     1 |       ||     1
 Cast: Magic Dart        |    75 |    44 ||   119
       Searing Ray       |     4 |    25 ||    29
  Use: Scroll            |     1 |       ||     1
       Potion            |     1 |       ||     1
Armor: Leather armour    |     5 |     4 ||     9
Dodge: Dodged            |     4 |     4 ||     8

Table legend: (Time is in decaauts)
 A = Elapsed time spent in this place.
 B = Non-inter-level travel time spent in this place.
 C = Inter-level travel time spent in this place.
 D = Time resting spent in this place.
 E = Time spent auto-exploring this place.
 F = Levels seen in this place.
 G = Mean time per level.
                   A        B        C        D        E       F      G
               +--------+--------+--------+--------+--------+-----+--------+
         Total |   3883 |   3834 |     49 |    250 |   2649 |   4 |  970.8 |
       Dungeon |   3883 |   3834 |     49 |    250 |   2649 |   4 |  970.8 |
               +--------+--------+--------+--------+--------+-----+--------+

Top non-repeatable levels by time:
     D:3: 1461 daAuts
     D:2: 1217 daAuts
     D:1: 1006 daAuts
     D:4: 198 daAuts
